 Dungeon Crawl Stone Soup version 0.29.1-15-g9cfb28693d (webtiles) character file.

Game seed: 6078885931671606453

9280 royem the Cleaver (level 11, -2/101 HPs)
             Began as a Minotaur Berserker on Mar 4, 2023.
             Was a High Priest of Trog.
             Slain by an orc warrior
             ... wielding a +0 glaive
             ... led by an orc warlord
              (13 damage)
             ... on level 1 of the Orcish Mines.
             The game lasted 00:53:10 (10921 turns).

royem the Cleaver (Minotaur Berserker)             Turns: 10921, Time: 00:53:10

Health: -2/101     AC: 18    Str: 32    XL:     11   Next: 21%
Magic:  0/3        EV:  9    Int:  4    God:    Trog [*****.]
Gold:   859        SH:  0    Dex: 10    Spells: 10/10 levels left

rFire   + . .      SeeInvis .   L - +1 hand axe (antimagic)
rCold   + . .      Faith    .   P - orb {light}
rNeg    + . .      Spirit   +   a - +0 plate armour
rPois   .          Reflect  .   (helmet restricted)
rElec   .          Harm     .   g - scarf {rC+ rF+}
rCorr   .          Rampage  .   S - +2 pair of gloves {Stlth+}
Will    ++...                   (no boots)
Stlth   ..........              m - amulet of guardian spirit
HPRegen 1.26/turn               b - ring of positive energy
MPRegen 0.08/turn               V - +6 ring of strength

@: mighty, strong-willed, on berserk cooldown, regenerating, slowed, glowing,
very slow
A: horns 2, retaliatory headbutt
a: Renounce Religion, Berserk, Trog's Hand, Brothers in Arms


You were on level 1 of the Orcish Mines.
You worshipped Trog.
Trog was extremely pleased with you.
You visited 3 branches of the dungeon, and saw 12 of its levels.
You also visited: Bailey.

You collected 859 gold pieces.

Inventory:

Hand Weapons
 e - a +2 quarterstaff of chaos
 o - a +2 vampiric hand axe
 r - the +8 flail of Severance {venom, Will++}
   (You found it on level 3 of the Dungeon)

   It poisons the flesh of those it strikes.
   Will:      It greatly increases your willpower.
 y - a +4 dire flail of protection
 B - the +4 dagger of Wunoc {freeze, Fragile rF- Str+10 Dex+4}
   (You found it on level 5 of the Dungeon)

   It freezes those it strikes, dealing additional cold damage.
   It can also slow down cold-blooded creatures.
   Str:       It affects your strength (+10).
   Dex:       It affects your dexterity (+4).
   rF:        It makes you vulnerable to fire.
   Fragile:   It will be destroyed if unequipped.
 I - the +7 short sword of Demepser {pain, rElec Str+3 SInv}
   (You found it in a bailey)

   In the hands of one skilled in necromantic magic, it inflicts extra damage on
   living creatures.
   Str:       It affects your strength (+3).
   rElec:     It insulates you from electricity.
   SInv:      It lets you see invisible.
   Trog disapproves of the use of such an item.
 L - a +1 antimagic hand axe (weapon)
 O - a +0 war axe of flaming
 W - a +5 battleaxe
Missiles
 M - a curare-tipped dart (quivered)
Armour
 a - a +0 plate armour (worn)
 g - a scarf of resistance (worn)
 h - a +2 cloak
 u - +0 steam dragon scales
 x - a +2 ring mail of willpower
 z - a +1 leather armour of cold resistance
 P - an orb of light (worn)
 R - a +3 leather armour of willpower
 S - a +2 pair of gloves of stealth (worn)
Jewellery
 b - a ring of positive energy (left hand)
 m - an amulet of guardian spirit (around neck)
 A - a ring of willpower
 T - a ring of poison resistance
 U - a ring of positive energy
 V - a +6 ring of strength (right hand)
Wands
 G - a wand of flame (5)
 J - a wand of digging (5)
 K - a wand of acid (8)
Scrolls
 d - a scroll of noise
 f - 4 scrolls of immolation
 k - a scroll of enchant armour {unknown}
 l - 10 scrolls of teleportation
 q - a scroll of fear {unknown}
 v - a scroll of vulnerability
 D - a scroll of blinking {unknown}
 F - a scroll of poison {unknown}
 N - a scroll of silence {unknown}
Potions
 c - a potion of magic {unknown}
 j - 5 potions of curing
 p - 3 potions of flight
 s - 4 potions of mutation
 t - 2 potions of ambrosia {unknown}
 w - 2 potions of berserk rage {unknown}
 C - a potion of brilliance {unknown}
 E - 3 potions of attraction {unknown}
 H - 2 potions of cancellation {unknown}
 Q - a potion of resistance {unknown}


   Skills:
 * Level 10.6 Fighting
 + Level 14.6 Axes
 * Level 11.3 Armour
 * Level 3.6 Dodging
 - Level 1.1 Stealth


You had 10 spell levels left.
You didn't know any spells.
Your spell library contained the following spells:

 Spells                   Type           Power      Damage    Failure   Level
 Beastly Appendage        Tmut           0%         N/A       98%         1
 Freeze                   Ice            0%         1d3       98%         1
 Magic Dart               Conj           0%         1d3       98%         1
 Sandblast                Erth           0%         2d4       98%         1
 Ensorcelled Hibernation  Hex/Ice        0%         N/A       99%         2
 Passwall                 Tmut/Erth      0%         N/A       99%         2
 Searing Ray              Conj           0%         2d4       99%         2
 Sublimation of Blood     Necr           0%         N/A       99%         2
 Wereblood                Tmut           0%         N/A       99%         2
 Frozen Ramparts          Ice            0%         1d1       100%        3
 Spider Form              Tmut/Pois      0%         N/A       100%        3
 Stone Arrow              Conj/Erth      0%         3d7       100%        3
 Anguish                  Hex/Necr       0%         N/A       100%        4
 Fulminant Prism          Conj/Hex       0%         3d6       100%        4
 Hailstorm                Conj/Ice       0%         3d3       100%        4
 Petrify                  Tmut/Erth      0%         N/A       100%        4
 Agony                    Necr           0%         N/A       100%        5
 Metabolic Englaciation   Hex/Ice        0%         N/A       100%        5
 Dispersal                Tloc           0%         N/A       100%        6
 Statue Form              Tmut/Erth      0%         N/A       100%        6
 Haunt                    Necr/Summ      0%         N/A       100%        7
 Malign Gateway           Summ/Tloc      0%         N/A       100%        7
 Disjunction              Tloc           0%         N/A       100%        8
 Summon Horrible Things   Summ           0%         N/A       100%        8


Dungeon Overview and Level Annotations

Branches:
Dungeon (10/15)            Temple (1/1) D:7             Orc (1/2) D:9
 Bailey (visited)
   Lair: D:8-11

Altars:
Ashenzari
Cheibriados
Elyvilon
Fedhas
Gozag
Hepliaklqana
Kikubaaqudgha
Makhleb
Nemelex Xobeh
Okawaru
Qazlal
Ru
Sif Muna
Trog
Uskayaw
Vehumet
Wu Jian
Xom
Yredelemnul
Zin
The Shining One
Jiyva

Shops:
D:3 :   D:9 (

Annotations:
D:8 2 transporters


Innate Abilities, Weirdness & Mutations

You have a pair of horns on your head.
You reflexively headbutt those who attack you in melee.


Message History

You hit the orc warrior.
The orc warrior is heavily wounded.
Cleave: L) +1 hand axe (antimagic)
Press: ? - help, Dir - move target, f/p - orc warrior
Aim: an orc warrior, wielding a +0 glaive and wearing a +0 chain mail (heavily wounded, strong, haloed, about 19% to evade your +1 antimagic hand axe)
You barely miss the orc warrior.
The orc warrior is heavily wounded.
The orc warrior hits you with a +0 glaive!!
* * * LOW HITPOINT WARNING * * *
You are too berserk!
Unknown command.
Items here: $ )) [.
You feel a strong urge to attack something.
You are no longer berserk.
You are exhausted.
You feel yourself slow down.
Things that are here:
a +3 vorpal great sword; a +0 hand axe; 16 gold pieces You feel much better.
The orc warrior hits you from afar with a +0 glaive!!
* * * LOW HITPOINT WARNING * * *
You are too injured to fight recklessly!
The orc warrior no longer looks unusually strong.
The orc warrior closely misses you. You furiously retaliate!
You headbutt the orc warrior! The orc warrior barely misses you.
Items here: $ )) [.
Cleave: L) +1 hand axe (antimagic)
Press: ? - help, Dir - move target, f/p - orc warrior
Aim: an orc warrior, wielding a +0 glaive and wearing a +0 chain mail (almost dead, haloed, about 19% to evade your +1 antimagic hand axe)
You hit the orc warrior.
The orc warrior is almost dead.
The orc warrior hits you with a +0 glaive!
* * * LOW HITPOINT WARNING * * *
Your skin crawls.
You feel strong-willed.
The orc warrior hits you with a +0 glaive.
* * * LOW HITPOINT WARNING * * *
The orc warrior attacks as you move away!
The orc warrior hits you with a +0 glaive!
You die...

....#.## .#.#...# ....
..###.#### ....
.[.##....## .....
..........# #.....
..........#########......
.........###.##..#.......
[..............))).......
.))).........).)@o.......
.><..#.#.#..).)##........
...[).......##$#..#......
...........)#...........>
..[..........#.#..##.....
..[)...........)..# ...#.
..[.........>....## .#..
............#)#.## #...
.......##....).##


You could see an orc warrior.

Vanquished Creatures
  An orc warlord (Orc:1)
  Erica (D:8)
  An orc sorcerer (Orc:1)
  A gargoyle (Bailey)
  The ghost of kthxbai the Trooper, a novice VSFi (D:5)
  A troll (D:7)
  Grinder (D:4)
  A vampire (Bailey)
  3 wyverns
  A steam dragon (D:9)
  Menkaure (D:7)
  A warg (Orc:1)
  An acid dragon (D:7)
  Edmund (D:5)
  2 water moccasins
  2 ice beasts
  10 orc warriors
  A sky beast (D:7)
  2 black bears
  2 ogres
  2 kobold brigands
  A gnoll sergeant (D:10)
  5 necrophages
  3 scorpions
  3 bullfrogs
  2 wyvern zombies (D:6)
  4 wights (D:10)
  4 killer bees (D:9)
  7 wolf zombies (Bailey)
  7 vampire bats (Bailey)
  6 howler monkeys
  A centaur zombie (D:6)
  A jelly (D:6)
  Crazy Yiuf (D:3)
  11 orc priests
  3 hounds
  7 iguanas
  Natasha (thrice) (D:4)
  15 orc wizards
  A howler monkey zombie (D:6)
  10 gnolls
  6 adders
  A shadow imp (D:6)
  A white imp (D:7)
  2 ufetubi
  2 worms (D:2)
  A dart slug (D:1)
  48 orcs
  A bat (D:3)
  5 endoplasms
  4 giant cockroaches
  4 goblins
  5 hobgoblins
  4 quokkas
  3 ball pythons
  2 frilled lizards
  7 kobolds
  14 orc zombies (Bailey)
  3 rats
245 creatures vanquished.

Vanquished Creatures (others)
  3 bushes (D:6)
  11 fungi (D:10)
  22 plants
36 creatures vanquished.

Grand Total: 281 creatures vanquished

Notes
Turn   | Place    | Note
-------+----------+-------------------------------------------
     0 | D:1      | royem the Minotaur Berserker began the quest for the Orb.
     0 | D:1      | Reached XP level 1. HP: 19/19 MP: 0/0
    96 | D:1      | Found a faded altar of an unknown god.
   402 | D:1      | Reached skill level 4 in Axes
   402 | D:1      | Reached XP level 2. HP: 27/27 MP: 1/1
   911 | D:2      | Reached XP level 3. HP: 33/33 MP: 2/2
   979 | D:2      | Reached ** piety under Trog
  1420 | D:3      | Reached skill level 5 in Axes
  1484 | D:3      | Found an ancient bone altar of Kikubaaqudgha.
  1640 | D:3      | Found an opulent altar of Gozag.
  1717 | D:3      | Reached XP level 4. HP: 31/40 MP: 3/3
  1801 | D:3      | Found a runed translucent door.
  1802 | D:3      | Noticed Crazy Yiuf
  1814 | D:3      | Killed Crazy Yiuf
  2328 | D:3      | Found Acziunan's Book Shop.
  2343 | D:3      | Identified the +8 flail of Severance {venom, Will++}
  2402 | D:4      | Found an ornate altar of the Wu Jian Council.
  2567 | D:4      | Reached XP level 5. HP: 46/46 MP: 4/4
  2568 | D:4      | Reached skill level 6 in Axes
  2580 | D:4      | Reached XP level 6. HP: 53/53 MP: 5/5
  2679 | D:4      | Found a broken altar of Ashenzari.
  2822 | D:4      | Reached skill level 7 in Axes
  3032 | D:4      | Reached skill level 1 in Stealth
  3385 | D:4      | Noticed Grinder
  3385 | D:4      | Paralysed by Grinder for 5 turns
  3388 | D:4      | Noticed Natasha
  3397 | D:4      | Killed Grinder
  3398 | D:4      | Reached skill level 8 in Axes
  3398 | D:4      | Reached skill level 5 in Armour
  3398 | D:4      | Reached XP level 7. HP: 60/60 MP: 6/6
  3409 | D:4      | Killed Natasha
  3410 | D:4      | Reached skill level 5 in Fighting
  3412 | D:4      | Noticed Natasha
  3419 | D:4      | Killed Natasha
  3729 | D:4      | Noticed Natasha
  3736 | D:4      | Killed Natasha
  3798 | D:5      | Entered Level 5 of the Dungeon
  3798 | D:5      | Noticed Edmund
  3811 | D:5      | Killed Edmund
  3876 | D:5      | Reached skill level 9 in Axes
  3876 | D:5      | Reached XP level 8. HP: 53/68 MP: 5/7
  3942 | D:5      | Reached *** piety under Trog
  4231 | D:5      | Found a transporter.
  4238 | D:5      | Noticed kthxbai's ghost (novice VSFi)
  4247 | D:5      | Got Kikubaaqudgha's Handbook of Unholy Liturgies
  4274 | D:5      | Identified the +4 dagger of Wunoc {freeze, Fragile rF-
                  | Str+10 Dex+4}
  4315 | D:5      | Found a transporter.
  4561 | D:6      | Reached skill level 10 in Axes
  5426 | D:6      | Found a blossoming altar of Fedhas.
  5523 | D:6      | Reached XP level 9. HP: 78/78 MP: 8/8
  5531 | D:6      | Reached skill level 11 in Axes
  5818 | D:5      | Killed kthxbai's ghost
  6015 | D:7      | Noticed Menkaure
  6031 | D:7      | Killed Menkaure
  6032 | D:7      | Reached skill level 12 in Axes
  6568 | D:7      | Noticed a troll
  6576 | D:7      | Killed a troll
  6850 | D:7      | Reached skill level 13 in Axes
  6854 | D:7      | Found a staircase to the Ecumenical Temple.
  6877 | Temple   | Entered the Ecumenical Temple
  7352 | D:8      | Noticed Erica
  7367 | D:8      | Killed Erica
  7367 | D:8      | Reached **** piety under Trog
  7368 | D:8      | Reached XP level 10. HP: 43/88 MP: 1/9
  7572 | D:8      | Found a transporter.
  7574 | D:8      | Found a transporter.
  7826 | D:8      | Found a viscous altar of Jiyva.
  7919 | D:8      | Reached skill level 14 in Axes
  8323 | D:9      | Found Keinup's Weapon Emporium.
  8323 | D:9      | Found a staircase to the Orcish Mines.
  8382 | Orc:1    | Entered Level 1 of the Orcish Mines
  8426 | Orc:1    | Noticed an orc sorcerer
  8526 | D:9      | Found a shimmering blue altar of Sif Muna.
  8595 | D:9      | Found a basalt altar of Yredelemnul.
  8653 | D:9      | Found a flagged portal.
  8662 | Bailey   | Entered a bailey
  8785 | Bailey   | Reached ***** piety under Trog
  8789 | Bailey   | Reached skill level 10 in Armour
  8829 | Bailey   | Identified the +7 short sword of Demepser {pain, rElec
                  | Str+3 SInv}
  9053 | Bailey   | Noticed a gargoyle
  9072 | Bailey   | Killed a gargoyle
  9644 | D:9      | Found a sparkling altar of Nemelex Xobeh.
 10060 | D:9      | Found a hazy altar of Hepliaklqana.
 10107 | D:9      | Found a radiant altar of Vehumet.
 10154 | D:10     | Entered Level 10 of the Dungeon
 10554 | Orc:1    | Paralysed by an orc sorcerer for 5 turns
 10557 | Orc:1    | Noticed a smoke demon
 10564 | Orc:1    | Killed an orc sorcerer
 10565 | Orc:1    | Reached skill level 10 in Fighting
 10565 | Orc:1    | Reached XP level 11. HP: 99/99 MP: 3/10
 10603 | Orc:1    | Found a shimmering blue altar of Sif Muna.
 10889 | Orc:1    | Noticed an orc warlord
 10906 | Orc:1    | Killed an orc warlord
 10907 | Orc:1    | Received a gift from Trog
 10921 | Orc:1    | Slain by an orc warrior

Illustrated notes

Levels and vault maps discovered:
D:1:      zaba_arrival_water, layout_rooms, ebering_ecumenical_altar_box
D:2:      layout_basic, serial_bayou_lagoon_b
D:3:      layout_basic, mainiacjoe_overflow_alcove_1,
          mainiacjoe_overflow_boulevard, serial_shops, nicolae_lakefront_shop,
          uniq_crazy_yiuf_cottage
D:4:      layout_basic, ashenzari_conservatory_becter,
          nicolae_overflow_crystal_walls, hangedman_decor_opposing,
          uniq_natasha, uniq_grinder
D:5:      layout_cave_pools, gammafunk_ghost_arena, uniq_edmund
D:6:      layout_loops_corners, fedhas_altar_decomposition
D:7:      layout_basic, minmay_temple_entry_junction, uniq_menkaure
D:8:      gammafunk_jiyva_shrine, layout_rooms, uniq_erica
D:9:      layout_roguey, nicolae_overflow_quartered_altars,
          mainiacjoe_overflow_brackets, orc_david_3, enter_bailey_8
D:10:     layout_basic, kennysheep_mini_moat, grunt_lair_entry_orc_guard_hut,
          uniq_gastronok
Temple:   nicolae_temple_ecumenical_triangle
Orc:1:    layout_caves, led_sif_book

Skill      XL: |  1  2  3  4  5  6  7  8  9 10 11 |
---------------+----------------------------------+-----
Axes           | 4 5 6 8 9 10 13 14 | 14.6
Fighting       | 4 5 6 7 10 | 10.6
Armour         | 3 4 5 6 8 10 11 | 11.3
Stealth        | 1 |  1.1
Dodging        | 3 |  3.6

Action                   |  1- 3 |  4- 6 |  7- 9 | 10-12 || total
-------------------------+-------+-------+-------+-------++-------
Melee: Hand axe          |    66 |    53 |   226 |   263 ||   608
       Headbutt          |     5 |    11 |    43 |    80 ||   139
       Punch             |       |     1 |     4 |     2 ||     7
       War axe           |       |       |     7 |    50 ||    57
Throw: Dart              |       |       |       |     2 ||     2
Invok: Berserk           |       |     3 |     5 |     5 ||    13
       Trog's Hand       |       |       |       |     1 ||     1
  Use: Scroll            |       |     8 |     6 |     3 ||    17
       Potion            |       |       |     4 |     6 ||    10
 Stab: Distracted        |       |     1 |     2 |       ||     3
       Sleeping          |       |       |     2 |       ||     2
Armor: Animal skin       |     3 |       |       |       ||     3
       Leather armour    |    11 |     1 |    54 |       ||    66
       Ring mail         |       |    17 |     4 |       ||    21
       Plate armour      |       |       |       |   117 ||   117
       Scale mail        |       |       |       |    15 ||    15
Dodge: Dodged            |    32 |    27 |    82 |    98 ||   239
